 Dungeon Crawl Stone Soup version 0.30-a0-358-g0d69a1922f (webtiles) character file.

Game seed: 1881142775836185341

6426 b0ghi87 the Basher (level 10, -9/91 HPs)
             Began as a Minotaur Fighter on Nov 11, 2022.
             Was a High Priest of Okawaru.
             Shot with an arrow by a centaur warrior (13 damage)
             ... on level 9 of the Dungeon.
             The game lasted 00:20:16 (8164 turns).

b0ghi87 the Basher (Minotaur Fighter)               Turns: 8164, Time: 00:20:19

Health: -9/91      AC: 13    Str: 25    XL:     10   Next: 67%
Magic:  9/9        EV: 11    Int:  5    God:    Okawaru [*****.]
Gold:   1180       SH:  5    Dex: 10    Spells: 9/9 levels left

rFire   . . .      SeeInvis .    P - +0 morningstar (distort)
rCold   . . .      Faith    .    c - +0 buckler
rNeg    + + .      Spirit   .    O - +2 scale mail {Will+}
rPois   .          Reflect  .    (helmet restricted)
rElec   .          Harm     .    Q - +0 cloak
rCorr   .          Rampage  .    (no gloves)
Will    +....                    x - +0 pair of boots
Stlth   ..........               E - amulet of regeneration
HPRegen 1.15/turn                f - ring of positive energy
MPRegen 0.11/turn                r - ring of positive energy

@: no status effects
A: horns 2, retaliatory headbutt
a: Renounce Religion, Heroism, Finesse, Duel


You were on level 9 of the Dungeon.
You worshipped Okawaru.
Okawaru was extremely pleased with you.
You visited 2 branches of the dungeon, and saw 10 of its levels.
You also visited: Bailey.

You collected 1180 gold pieces.

Inventory:

Hand Weapons
 a - a +3 whip
 y - a +2 whip of flaming
 A - a +1 whip of electrocution
 P - a +0 morningstar of distortion (weapon)
Armour
 c - a +0 buckler (worn)
 x - a +0 pair of boots (worn)
 O - a +2 scale mail of willpower (worn)
 Q - a +0 cloak (worn)
Jewellery
 f - a ring of positive energy (left hand)
 o - a ring of ice
 q - a ring of protection from fire
 r - a ring of positive energy (right hand)
 s - a ring of protection from cold
 C - an amulet of magic regeneration
 E - an amulet of regeneration (around neck)
 K - a ring of see invisible
 M - a ring of protection from fire
Wands
 D - a wand of digging (4)
 J - a wand of light (10)
 L - a wand of flame (10)
 R - a wand of roots (5)
Scrolls
 e - a scroll of magic mapping
 i - 4 scrolls of poison
 j - a scroll of silence
 p - 2 scrolls of enchant armour
 t - 2 scrolls of noise {unknown}
 u - 3 scrolls of teleportation {unknown}
 B - 2 scrolls of amnesia {unknown}
 F - a scroll of blinking {unknown}
 G - a scroll of enchant weapon {unknown}
 I - 2 scrolls of identify
Potions
 b - a potion of degeneration {unknown}
 d - a potion of might
 g - a potion of berserk rage {unknown}
 h - a potion of magic
 k - 4 potions of brilliance
 l - a potion of curing
 m - 2 potions of haste {unknown}
 n - 7 potions of flight
 v - a potion of mutation {unknown}
 w - 2 potions of lignification {unknown}
 z - 2 potions of heal wounds
 H - a potion of invisibility {unknown}
 N - a potion of ambrosia {unknown}
 S - a potion of resistance {unknown}


   Skills:
 * Level 9.5 Fighting
 * Level 12.5 Maces & Flails
 + Level 9.8 Armour
 + Level 4.2 Dodging
 + Level 2.0 Stealth
 + Level 6.9 Shields


You had 9 spell levels left.
You didn't know any spells.
Your spell library contained the following spells:

 Spells                   Type           Power      Damage    Failure   Level
 Freeze                   Ice            0%         1d3       80%         1
 Gell's Gravitas          Tloc           0%         N/A       99%         3
 Kindle Blastsparks       Fire/Tloc/Air  0%         2d10      99%         3
 Lesser Beckoning         Tloc           0%         N/A       99%         3
 Teleport Other           Tloc           0%         N/A       99%         3
 Fulminant Prism          Conj/Hex       0%         3d5       100%        4
 Iskenderun's Mystic Bla  Conj/Tloc      0%         2d3       100%        4
 Fireball                 Conj/Fire      0%         3d3       100%        5
 Iskenderun's Battlesphe  Conj           0%         2d6       100%        5
 Lee's Rapid Deconstruct  Erth           0%         3d4*      100%        5
 Conjure Ball Lightning   Conj/Air       0%         3x3d6     100%        6
 Orb of Destruction       Conj           0%         9d5       100%        7
 Ozocubu's Refrigeration  Ice            0%         4d7       100%        7
 Simulacrum               Ice/Necr       Unusable   N/A       N/A         6

Dungeon Overview and Level Annotations

Branches:
Dungeon (9/15)             Temple (1/1) D:5            Lair (0/5) D:8
 Bailey (visited)
    Orc: D:9-12

Altars:
Ashenzari
Cheibriados
Dithmenos
Elyvilon
Fedhas
Gozag
Hepliaklqana
Kikubaaqudgha
Makhleb
Okawaru
Qazlal
Ru
Sif Muna
Trog
Uskayaw
Vehumet
Wu Jian
Xom
Yredelemnul
The Shining One

Shops:
D:7 =

Annotations:
D:9 3 runed translucent doors


Innate Abilities, Weirdness & Mutations

You have a pair of horns on your head.
You reflexively headbutt those who attack you in melee.


Message History

The centaur warrior is moderately wounded.
You bludgeon the centaur warrior!!
Space warps around the centaur warrior.
The centaur warrior is heavily wounded.
The centaur warrior unwields a +0 shortbow.
The centaur warrior hits you.
* * * LOW HITPOINT WARNING * * *
The centaur warrior kicks you but does no damage.
The centaur warrior unwields a +0 shortbow.
The centaur warrior hits you but does no damage.
The centaur warrior kicks you.
* * * LOW HITPOINT WARNING * * *
You feel better. The centaur warrior hits you!
* * * LOW HITPOINT WARNING * * *
The centaur warrior kicks you but does no damage.
The centaur warrior hits you.
* * * LOW HITPOINT WARNING * * *
You block the centaur warrior's attack.
The centaur warrior hits you but does no damage.
The centaur warrior kicks you but does no damage.
The centaur warrior closely misses you. You furiously retaliate!
You headbutt the centaur warrior.
The centaur warrior kicks you but does no damage.
You feel much better.
The centaur warrior hits you but does no damage.
You block the centaur warrior's attack.
The centaur warrior hits you but does no damage.
The centaur warrior kicks you but does no damage.
The centaur warrior hits you.
The centaur warrior kicks you but does no damage.
The centaur warrior wields a +0 shortbow.
The centaur warrior shoots an arrow.
The arrow hits you.
The centaur warrior hits you but does no damage.
You block the centaur warrior's attack.
The centaur warrior shoots an arrow.
The arrow hits you!!
* * * LOW HITPOINT WARNING * * *
The centaur warrior wields a +0 shortbow.
The centaur warrior shoots an arrow.
The arrow hits you!
* * * LOW HITPOINT WARNING * * *
The centaur warrior shoots an arrow.
The arrow hits you!
You die...

..#.... =).# ###+###...# #....
..## #[#####.###.#.###.... ...#
:#).## #.##)........## ...##
.z.BTc##.##.........# ....#
#####c)#.#..######..# ....#
##c##..# #..# ....## #.c#...#
#..#
.....##.#########.##...######..#
......##........@##............#
.......#..##.##..#.............##
.......##.##.##.##.....######....
#####...#.......#...#..# #....
###.##.#.#.##.###..# #..##
#..#.....#..# #..# #..#
########.##.#.##.####..######..#
..........#...#................##
..........##.##..................


You could see 2 centaur warriors.

Vanquished Creatures
  Pikel (D:4)
  A cyclops (D:7)
  Joseph (D:7)
  Maurice (D:8)
  A gargoyle (D:9)
  A hornet (D:9)
  2 steam dragons
  10 orc warriors
  2 ice beasts
  4 ogres (D:6)
  A black bear (D:7)
  A sky beast (D:7)
  5 centaurs
  A lemure (D:4)
  6 bullfrogs
  A necrophage (D:7)
  A gnoll sergeant (D:9)
  5 scorpions
  9 wights
  A howler monkey (D:7)
  2 jellies
  4 orc priests
  Crazy Yiuf (D:7)
  2 hounds (D:7)
  6 orc wizards
  Natasha (thrice) (D:3)
  3 iguanas (D:6)
  5 gnolls
  5 adders
  A shadow imp (D:3)
  An ufetubus (D:6)
  3 dart slugs (D:1)
  32 orcs
  5 bats
  5 endoplasms
  2 giant cockroaches
  10 goblins
  6 hobgoblins
  4 jackals (D:4)
  19 kobolds
  5 quokkas
  6 ball pythons
  3 frilled lizards
  4 rats
192 creatures vanquished.

Notes
Turn   | Place    | Note
-------+----------+-------------------------------------------
     0 | D:1      | b0ghi87 the Minotaur Fighter began the quest for the Orb.
     0 | D:1      | Reached XP level 1. HP: 19/19 MP: 0/0
   392 | D:1      | Reached XP level 2. HP: 24/27 MP: 1/1
   433 | D:1      | Found a faded altar of an unknown god.
  1052 | D:2      | Reached skill level 3 in Maces & Flails
  1098 | D:2      | Reached XP level 3. HP: 29/33 MP: 2/2
  1628 | D:3      | Reached XP level 4. HP: 38/40 MP: 3/3
  1646 | D:3      | Reached skill level 4 in Maces & Flails
  1772 | D:3      | Noticed Natasha
  1772 | D:3      | Noticed a centaur
  1784 | D:3      | Killed a centaur
  1785 | D:3      | Reached XP level 5. HP: 26/47 MP: 4/4
  1790 | D:3      | Killed Natasha
  1791 | D:3      | Reached skill level 5 in Maces & Flails
  2043 | D:3      | Noticed Natasha
  2050 | D:3      | Killed Natasha
  2291 | D:3      | Noticed Natasha
  2299 | D:3      | Killed Natasha
  2468 | D:4      | Reached skill level 1 in Dodging
  2468 | D:4      | Reached XP level 6. HP: 53/53 MP: 5/5
  2662 | D:4      | Noticed Pikel
  2686 | D:4      | Killed Pikel
  2687 | D:4      | Reached skill level 5 in Fighting
  2687 | D:4      | Reached skill level 7 in Maces & Flails
  2687 | D:4      | Reached skill level 5 in Armour
  2687 | D:4      | Reached XP level 7. HP: 10/61 MP: 6/6
  3373 | D:5      | Entered Level 5 of the Dungeon
  3446 | D:5      | Reached skill level 5 in Shields
  3654 | D:5      | Reached skill level 8 in Maces & Flails
  3654 | D:5      | Reached XP level 8. HP: 52/70 MP: 7/7
  3766 | D:5      | Reached skill level 1 in Stealth
  3838 | D:5      | Found a staircase to the Ecumenical Temple.
  3849 | Temple   | Entered the Ecumenical Temple
  4044 | Temple   | Became a worshipper of Warmaster Okawaru
  4545 | D:6      | Got the Writings on Frostbite
  4817 | D:6      | Reached skill level 9 in Maces & Flails
  5061 | D:6      | Reached * piety under Okawaru
  5207 | D:6      | Found a hide-covered altar of Uskayaw.
  5760 | D:7      | Reached XP level 9. HP: 49/78 MP: 8/8
  5819 | D:7      | Reached ** piety under Okawaru
  5871 | D:7      | Found Teitan's Jewellery Boutique.
  5894 | D:7      | Reached skill level 10 in Maces & Flails
  5910 | D:7      | Noticed Joseph
  5927 | D:7      | Killed Joseph
  6055 | D:7      | Found a flagged portal.
  6119 | Bailey   | Entered a bailey
  6208 | Bailey   | Reached *** piety under Okawaru
  6340 | Bailey   | Reached XP level 10. HP: 27/88 MP: 9/9
  6592 | D:7      | Reached skill level 11 in Maces & Flails
  6637 | D:7      | Noticed a cyclops
  6648 | D:7      | Killed a cyclops
  6648 | D:7      | Reached **** piety under Okawaru
  6818 | D:7      | Found a runed translucent door.
  6819 | D:7      | Noticed Crazy Yiuf
  6896 | D:7      | Killed Crazy Yiuf
  7052 | D:8      | Found a staircase to the Lair.
  7053 | D:8      | Noticed Maurice
  7067 | D:8      | Killed Maurice
  7600 | D:8      | Reached skill level 12 in Maces & Flails
  7882 | D:9      | Identified the +7 hand axe of Dupsocun {flame, rPois rN+}
  8016 | D:9      | Found a runed translucent door.
  8016 | D:9      | Noticed a wolf spider
  8016 | D:9      | Noticed an eight-headed hydra
  8017 | D:9      | Found a runed translucent door.
  8017 | D:9      | Noticed a brown ugly thing
  8019 | D:9      | Found a runed translucent door.
  8061 | D:9      | Paralysed by a hornet for 1 turns
  8062 | D:9      | Reached ***** piety under Okawaru
  8142 | D:9      | Noticed a skeletal warrior
  8143 | D:9      | Noticed a gargoyle
  8143 | D:9      | Noticed a boulder beetle
  8143 | D:9      | Noticed a centaur warrior
  8143 | D:9      | Noticed a centaur warrior
  8148 | D:9      | Killed a gargoyle
  8164 | D:9      | HP: 4/91 [centaur warrior/arrow (16)]
  8164 | D:9      | Shot with an arrow by a centaur warrior

Illustrated notes

Levels and vault maps discovered:
D:1:      amcnicky_arrival_blooded_trapdoor, layout_loops_corners,
          hellmonk_ecumenical_altar_defaced_shrine, minmay_misc_feat_square
D:2:      layout_basic
D:3:      layout_basic, uniq_natasha
D:4:      layout_basic, uniq_pikel
D:5:      layout_basic, minmay_temple_entry_proselytizer
D:6:      layout_loops_ring, nicolae_overflow_hidden_temple,
          mrwooster_statue_mirror, minivault_10, serial_park_tiny_1
D:7:      minmay_angry_zag, layout_rooms, enter_bailey_1, serial_shops,
          shop_fountains, uniq_joseph, uniq_crazy_yiuf_cottage
D:8:      layout_rooms, lair_entry_dummy, dk_noncrumbling_2,
          chequers_serial_rivers_large_b, uniq_maurice
D:9:      minmay_the_grid_triangle_9x9_recursive_2
          [minmay_the_grid_triangle_9x9_prize_insulated,
          minmay_the_grid_triangle_9x9_empty,
          minmay_the_grid_triangle_9x9_fully_insulated_deathbox,
          minmay_the_grid_triangle_9x9_descending_squares], layout_small_grid,
          serial_shops, shop, kennysheep_generic_room_6
Temple:   nicolae_temple_bog_church

Skill      XL: |  1  2  3  4  5  6  7  8  9 10 |
---------------+-------------------------------+-----
Shields        | 4 5 6 |  6.9
Fighting       | 4 5 6 8 9 |  9.5
Maces & Flails | 3 4 5 7 8 9 10 12 | 12.5
Armour         | 4 5 6 7 9 |  9.8
Dodging        | 1 2 3 4 |  4.2
Stealth        | 1 2 |  2.0

Action                   |  1- 3 |  4- 6 |  7- 9 | 10-12 || total
-------------------------+-------+-------+-------+-------++-------
Melee: Flail             |    76 |   100 |       |       ||   176
       Headbutt          |     9 |    15 |    57 |    22 ||   103
       Whip              |       |       |   315 |       ||   315
       Morningstar       |       |       |       |   104 ||   104
  Use: Scroll            |       |       |     5 |     6 ||    11
       Potion            |       |       |       |     2 ||     2
Armor: Scale mail        |    35 |    68 |   101 |    61 ||   265
Dodge: Dodged            |    31 |    56 |   115 |    71 ||   273
Block: Buckler           |    15 |    28 |    53 |    34 ||   130

Table legend: (Time is in decaauts)
 A = Elapsed time spent in this place.
 B = Non-inter-level travel time spent in this place.
 C = Inter-level travel time spent in this place.
 D = Time resting spent in this place.
 E = Time spent auto-exploring this place.
 F = Levels seen in this place.
 G = Mean time per level.
                   A        B        C        D        E       F      G
               +--------+--------+--------+--------+--------+-----+--------+
         Total |   8127 |   7843 |    284 |    173 |   6152 |  11 |  738.8 |
       Dungeon |   7480 |   7238 |    242 |    115 |   5834 |   9 |  831.1 |
        Temple |    223 |    181 |     42 |      0 |    163 |   1 |  223.0 |
        Bailey |    423 |    423 |      0 |     58 |    154 |   1 |  423.0 |
               +--------+--------+--------+--------+--------+-----+--------+

Top non-repeatable levels by time:
     D:6: 1194 daAuts
     D:4: 987 daAuts
     D:1: 979 daAuts
     D:5: 920 daAuts
     D:3: 832 daAuts
     D:7: 801 daAuts
     D:8: 676 daAuts
     D:2: 613 daAuts
     D:9: 475 daAuts
  Bailey: 423 daAuts
  Temple: 223 daAuts
